 Dungeon Crawl Stone Soup version 0.30-a0-777-ga9a30cbeda (webtiles) character file.

Game seed: 8234648665636006611

86774 funkygono the Eclecticist (level 15, -2/77 (80) HPs)
             Began as a Gargoyle Fire Elementalist on Feb 12, 2023.
             Was a High Priest of Vehumet.
             Slain by a sun demon (13 damage)
             ... summoned by an orc sorcerer
             ... on level 2 of the Orcish Mines on Feb 13, 2023.
             The game lasted 00:58:33 (21762 turns).

funkygono the Eclecticist (GrFE)                   Turns: 21762, Time: 00:58:34

HP:   -2/77 (80)    AC: 30    Str: 11    XL:     15   Next: 88%
MP:   1/34          EV: 13    Int: 30    God:    Vehumet [*****.]
Gold: 4010          SH:  0    Dex: 10    Spells: 15/44 levels left

rFire   . . .      SeeInvis .    t - +0 staff of Battle
rCold   . . .      Faith    .    (no shield)
rNeg    + . .      Spirit   .    x - +1 steam dragon scales
rPois   ∞          Reflect  .    n - +1 helmet
rElec   +          Harm     .    K - +2 cloak
rCorr   .          Rampage  .    B - +1 pair of gloves
Will    +....                    c - +1 pair of boots
Stlth   ++                       d - amulet of regeneration
HPRegen 1.12/turn                o - +6 ring of intelligence
MPRegen 0.24/turn                q - +4 ring of protection

@: flying, lightly drained
A: sickness immunity, AC +11, big wings, negative energy resistance 1,
electricity resistance, torment resistance 1, petrification resistance
a: Renounce Religion


You were on level 2 of the Orcish Mines.
You worshipped Vehumet.
Vehumet was extremely pleased with you.
You visited 4 branches of the dungeon, and saw 18 of its levels.
You also visited: Bailey and Volcano.

You collected 4010 gold pieces.

Inventory:

Hand Weapons
 a - a +2 heavy mace
 j - a +2 whip
 t - the +0 staff of Battle (weapon)
   (You acquired it on level 5 of the Dungeon)

   It enhances your conjuration magic.
   It summons a battlesphere in combat, with strength depending on Conjurations
   skill.
   Its strikes trigger the battlesphere's blasts.
 w - a +2 mace of protection
 D - a +3 flail
Armour
 c - a +1 pair of boots (worn)
 e - a +1 leather armour of fire resistance
 n - a +1 helmet (worn)
 x - +1 steam dragon scales (worn)
 B - a +1 pair of gloves (worn)
 K - a +2 cloak (worn)
Jewellery
 d - an amulet of regeneration (around neck)
 o - a +6 ring of intelligence (left hand)
 q - a +4 ring of protection (right hand)
 C - the ring of Wafeawk {EV+5 Int+3}
   (You found it on level 7 of the Dungeon)

   [ring of evasion]

   EV:        It affects your evasion (+5).
   Int:       It affects your intelligence (+3).
 E - a +4 ring of protection
 Q - a ring of resist corrosion
Wands
 k - a wand of charming (3)
 m - a wand of acid (9)
 y - a wand of roots (25)
 F - a wand of flame (8)
Scrolls
 g - 6 scrolls of teleportation
 i - 3 scrolls of identify
 l - 2 scrolls of fog
 p - 5 scrolls of magic mapping
 v - a scroll of blinking
 A - 3 scrolls of amnesia
 I - 2 scrolls of poison
 L - a scroll of fear
Potions
 b - a potion of heal wounds
 f - a potion of mutation
 h - 3 potions of brilliance
 r - 4 potions of might
 s - 2 potions of haste
 u - 4 potions of curing
 z - a potion of invisibility
 G - 2 potions of ambrosia
 J - a potion of cancellation
 N - a potion of resistance
Miscellaneous
 H - a piece from Xom's chessboard (15/15)


   Skills:
 + Level 4.2 Fighting
 + Level 2.2(2.7) Maces & Flails
 + Level 2.3(2.8) Staves
 + Level 5.4 Dodging
 - Level 2.1 Stealth
 + Level 15.3 Spellcasting
 + Level 14.3 Conjurations
 + Level 14.7 Fire Magic
 + Level 7.1 Air Magic
 + Level 0.9 Earth Magic


You had 15 spell levels left.
You knew the following spells:

 Your Spells              Type           Power      Damage    Failure   Level
a - Foxfire               Conj/Fire      100%       2x1d9     0%          1
b - Scorch                Fire           100%       2d10      0%          2
c - Kindle Blastsparks    Fire/Tloc/Air  100%       2d18      1%          3
d - Flame Wave            Conj/Fire      100%       2d21      1%          4
e - Lightning Bolt        Conj/Air       46%        1d66      1%          5
f - Fireball              Conj/Fire      52%        3d20      1%          5
g - Sandblast             Erth           56%        2d13      1%          1
h - Searing Ray           Conj           100%       2d8       0%          2
i - Iron Shot             Conj/Erth      40%        9d8       3%          6

Your spell library contained the following spells:

 Spells                   Type           Power      Damage    Failure   Level
 Magic Dart               Conj           100%       1d8       0%          1
 Summon Small Mammal      Summ           88%        N/A       1%          1
 Poisonous Vapours        Pois/Air       88%        N/A       1%          2
 Static Discharge         Conj/Air       100%       2-7/arc   1%          2
 Inner Flame              Hex/Fire       61%        N/A       1%          3
 Mephitic Cloud           Conj/Pois/Air  78%        N/A       1%          3
 Swiftness                Air            60%        N/A       1%          3
 Vhi's Electric Charge    Tloc/Air       88%        N/A       1%          3
 Iskenderun's Mystic Bla  Conj/Tloc      78%        2d16      1%          4
 Arcjolt                  Conj/Air       46%        1d56      1%          5
 Iskenderun's Battlesphe  Conj           100%       2d15      1%          5
 Conjure Ball Lightning   Conj/Air       46%        3x3d16    1%          6
 Orb of Destruction       Conj           52%        9d13      1%          7
 Passwall                 Tmut/Erth      20%        N/A       2%          2
 Call Imp                 Summ           22%        N/A       3%          2
 Ensorcelled Hibernation  Hex/Ice        44%        N/A       3%          2
 Call Canine Familiar     Summ           22%        N/A       6%          3
 Gell's Gravitas          Tloc           22%        N/A       6%          3
 Summon Guardian Golem    Hex/Summ       22%        N/A       6%          3
 Silence                  Hex/Air        22%        N/A       13%         5
 Anguish                  Hex/Necr       11%        N/A       21%         4
 Animate Dead             Necr           22%        N/A       21%         4
 Summon Ice Beast         Ice/Summ       22%        N/A       21%         4
 Summon Mana Viper        Hex/Summ       22%        N/A       50%         5
 Summon Cactus Giant      Summ           11%        N/A       97%         6
 Enfeeble                 Hex            11%        N/A       100%        7
 Haunt                    Necr/Summ      11%        N/A       100%        7
 Monstrous Menagerie      Summ           11%        N/A       100%        7
 Infestation              Necr           11%        N/A       100%        8
 Cigotuvi's Dreadful Rot  Necr/Pois/Air  Unusable   N/A       N/A         2

Dungeon Overview and Level Annotations

Branches:
Dungeon (10/15)            Temple (1/1) D:7            Lair (5/5) D:9
  Swamp (0/4) Lair:3       Spider (0/4) Lair:3        Slime (0/5) Lair:5
    Orc (2/2) D:10            Elf (0/3) Orc:2        Bailey (visited)
Volcano (visited)

Altars:
Ashenzari
Cheibriados
Dithmenos
Elyvilon
Fedhas
Gozag
Hepliaklqana
Kikubaaqudgha
Makhleb
Nemelex Xobeh
Okawaru
Qazlal
Ru
Sif Muna
Trog
Uskayaw
Vehumet
Wu Jian
Xom
Yredelemnul
Zin
The Shining One
Jiyva

Shops:
D:2 (   D:5 *   D:6 :   Orc:2 [[(

Annotations:
Lair:2 2 transporters, AppleFox63's ghost, journeyman DrWr
Lair:3 2 transporters, Tohisesh's ghost, journeyman OpEE
Lair:5 3 runed translucent doors, Domino's ghost, journeyman MiBe


Innate Abilities, Weirdness & Mutations

You are immune to sickness and miasma.
Your stone body is resilient. (AC +11)
You are immune to poison.
Your large and strong wings let you fly.
You resist negative energy. (rN+)
You are resistant to electric shocks. (rElec)
You are resistant to unholy torment.
You are immune to petrification.


Message History

You don't have enough magic to cast this spell.
Unknown command.
Casting: Foxfire (safe; 0% risk of failure)
Confirm with . or Enter, or press ? or * to list all spells.
Casting: Flame Wave (safe; 1% risk of failure)
Press: ? - help, Dir - look around, f - activate You feel a surge of power!
A wave of flame ripples out!
The flame wave engulfs the orc sorcerer!!
The orc sorcerer is almost dead.
The flame wave engulfs the sun demon.
The sun demon completely resists. (Press . to intensify the flame waves.)
Your battlesphere fires!
The barrage of energy hits the sun demon!
The sun demon is lightly wounded.
The sun demon hits you!
You are engulfed in flames!!
* * * LOW HITPOINT WARNING * * *
The orc sorcerer hits you but does no damage.
Unknown command.
Without enough magic to sustain them, the waves of flame dissipate.
The sun demon hits you.
* * * LOW HITPOINT WARNING * * *
You are engulfed in flames!
* * * LOW HITPOINT WARNING * * *
The orc sorcerer hits you but does no damage.
Unknown command.
You feel much better.
The sun demon hits you but does no damage.
The orc sorcerer casts a spell at you. You resist with some effort.
The sun demon hits you.
* * * LOW HITPOINT WARNING * * *
You are engulfed in flames!
* * * LOW HITPOINT WARNING * * *
Casting: Flame Wave (safe; 1% risk of failure)
Confirm with . or Enter, or press ? or * to list all spells.
You don't have enough magic to cast this spell.
Unknown command.
You feel much better. The sun demon hits you!
* * * LOW HITPOINT WARNING * * *
You are engulfed in flames!
You die...

##### ##._.## #∩...∩#
#.....# #.....# ##*..##
##...###### ####
.).###.@...#...######..∩
#)))))o3...'...'....'...
....###.....#...#....'...
.. ##...######..###... #
####### #''# ####
..###...## ##)#
.........###..#
..........##).# ..
..........##)##


You could see a sun demon (summoned), an orc sorcerer (ally target) and a
friendly battlesphere.

Vanquished Creatures
  Gastronok (Orc:1)
  An orc warlord (Orc:2)
  5 dire elephants (Lair:5)
  2 ettins (Orc:2)
  An ogre mage (Volcano)
  3 hydras
  2 catoblepae
  A boulder beetle (Lair:4)
  11 two-headed ogres
  A centaur warrior (D:10)
  10 death yaks
  2 orc high priests
  Urug (Orc:1)
  A hell knight (Volcano)
  The ghost of MCDelver the Arsonist, a novice OpFE of Gozag (Lair:1)
  A fire crab (Lair:5)
  4 skysharks
  2 spectral death yaks (Lair:5)
  A spectral anaconda (Lair:5)
  A lindwurm (Lair:2)
  An obsidian statue (Lair:5)
  9 orc knights
  4 necromancers (Lair:5)
  An oklob plant (Lair:5)
  3 orc sorcerers
  3 cyclopes
  Maurice (Orc:2)
  2 black mambas
  A dire elephant zombie (Lair:5)
  17 elephants
  2 torpor snails
  2 gargoyles (D:10)
  A kobold demonologist (D:10)
  15 cane toads
  10 komodo dragons
  A rime drake (Lair:5)
  6 trolls
  A hornet (D:7)
  4 polar bears
  10 saltlings (Orc:2)
  A spectral elephant (Lair:5)
  6 blink frogs (Lair:4)
  Grinder (D:5)
  12 dream sheep
  40 yaks
  A wraith (D:10)
  7 wyverns
  Grum (Bailey)
  A vampire (D:10)
  4 steam dragons
  4 basilisks
  Menkaure (D:7)
  Edmund (D:5)
  11 wargs
  2 spectral cane toads (Lair:5)
  16 water moccasins
  6 sky beasts
  A black bear (Lair:3)
  38 orc warriors
  3 ice beasts
  6 ogres
  27 wolves
  The ghost of jazmu the Shooter, an amateur DsHs (D:4)
  2 centaurs
  3 phantoms
  7 bullfrogs
  3 kobold brigands
  3 necrophages
  9 gnoll sergeants
  A cane toad simulacrum (Lair:5)
  5 scorpions
  14 wights
  6 killer bees (D:5)
  An elephant simulacrum (Lair:5)
  5 howler monkeys
  4 hounds
  8 gnoll boudas
  3 jellies
  5 orc priests
  3 iguanas
  22 orc wizards
  2 hell rats (D:8)
  5 adders
  22 gnolls
  7 river rats (D:8)
  A shadow imp (D:6)
  An ufetubus (D:4)
  4 dart slugs
  50 orcs
  7 bats
  10 endoplasms
  9 giant cockroaches
  13 goblins
  10 hobgoblins
  4 jackals (D:1)
  7 quokkas
  9 ball pythons
  4 frilled lizards
  12 kobolds
  20 rats
  A butterfly (Lair:5)
  A pillar of salt (Orc:2)
640 creatures vanquished.

Vanquished Creatures (collateral kills)
  3 foxfires
3 creatures vanquished.

Vanquished Creatures (others)
  A steam dragon (D:7)
  1439 foxfires
  18 fungi
  A pillar of salt (Orc:2)
  27 plants
  29 withered plants (Lair:5)
1515 creatures vanquished.

Grand Total: 2158 creatures vanquished

Notes
Turn   | Place    | Note
-------+----------+-------------------------------------------
     0 | D:1      | funkygono the Gargoyle Fire Elementalist began the quest
                  | for the Orb.
     0 | D:1      | Reached XP level 1. HP: 10/10 MP: 3/3
     1 | D:1      | Found a runed translucent door.
   198 | D:1      | Reached XP level 2. HP: 15/15 MP: 1/5
   201 | D:1      | Learned a level 2 spell: Scorch
   702 | D:1      | Reached XP level 3. HP: 19/19 MP: 3/6
   706 | D:1      | Learned a level 3 spell: Kindle Blastsparks
   899 | D:1      | Found a faded altar of an unknown god.
  1499 | D:2      | Found an iron altar of Okawaru.
  1685 | D:2      | Found Yfeciuf's Weapon Shop.
  1743 | D:2      | Reached XP level 4. HP: 24/24 MP: 3/7
  2417 | D:3      | You fall into a shaft and drop 2 floors!
  2417 | D:5      | Entered Level 5 of the Dungeon
  2419 | D:5      | Noticed an ogre
  2419 | D:5      | Noticed a scorpion
  2751 | D:3      | Found a shimmering blue altar of Sif Muna.
  2901 | D:3      | Noticed a phantom
  2908 | D:3      | Killed a phantom
  2909 | D:3      | Reached XP level 5. HP: 28/28 MP: 1/9
  3216 | D:4      | Found a broken altar of Ashenzari.
  3256 | D:4      | Found a shimmering altar of Xom.
  3265 | D:4      | Reached skill level 3 in Spellcasting
  3471 | D:4      | Reached skill level 5 in Fire Magic
  3545 | D:4      | Reached XP level 6. HP: 32/32 MP: 7/11
  3550 | D:4      | Learned a level 4 spell: Flame Wave
  3595 | D:4      | Found a large runed translucent door.
  3595 | D:4      | Found a large runed translucent door.
  3618 | D:4      | Noticed jazmu's ghost (amateur DsHs)
  3970 | D:4      | Identified the +5 dagger "Ixeokeus" {freeze, +Blink rC+}
  4112 | D:4      | Killed jazmu's ghost
  4360 | D:5      | Reached skill level 4 in Spellcasting
  4360 | D:5      | Reached XP level 7. HP: 36/36 MP: 4/13
  4447 | D:5      | Noticed Edmund
  4496 | D:5      | HP: 1/36 [Edmund/+2 dire flail of protection (6)]
  4498 | D:5      | Killed Edmund
  4611 | D:5      | Reached skill level 5 in Spellcasting
  4722 | D:5      | Reached skill level 1 in Fighting
  4722 | D:5      | Reached skill level 1 in Maces & Flails
  4722 | D:5      | Reached XP level 8. HP: 43/43 MP: 9/15
  4891 | D:5      | Found Vadiucou's Assorted Antiques.
  4961 | D:5      | Noticed Grinder
  4971 | D:5      | Paralysed by Grinder for 3 turns
  4972 | D:5      | Killed Grinder
  5283 | D:5      | Identified 4 scrolls of acquirement
  5283 | D:5      | Acquired a book of the Spheres
  5285 | D:5      | Acquired the +0 staff of Battle
  5285 | D:5      | Found the +0 staff of Battle
  5288 | D:5      | Acquired 961 gold pieces
  5290 | D:5      | Acquired 783 gold pieces
  5480 | D:6      | Found Vudo's Book Shoppe.
  5556 | D:6      | Reached skill level 6 in Spellcasting
  5556 | D:6      | Reached XP level 9. HP: 48/48 MP: 15/18
  5637 | D:6      | Reached skill level 5 in Conjurations
  6080 | D:6      | Found a hazy altar of Hepliaklqana.
  6081 | D:6      | Found an ornate altar of the Wu Jian Council.
  6390 | D:6      | Learned a level 5 spell: Lightning Bolt
  6396 | D:6      | Learned a level 5 spell: Fireball
  6444 | D:7      | Reached skill level 7 in Spellcasting
  6611 | D:7      | Reached XP level 10. HP: 53/53 MP: 8/21
  6812 | D:7      | Reached skill level 1 in Staves
  7073 | D:7      | Reached skill level 8 in Spellcasting
  7169 | D:7      | Found a staircase to the Ecumenical Temple.
  7182 | Temple   | Entered the Ecumenical Temple
  7225 | Temple   | Became a worshipper of Vehumet
  7453 | D:7      | Identified the ring of Wafeawk {EV+5 Int+3}
  7657 | D:7      | Noticed Menkaure
  7659 | D:7      | Killed Menkaure
  8409 | D:8      | Reached * piety under Vehumet
  8409 | D:8      | Offered knowledge of Sandblast by Vehumet.
  8449 | D:7      | Learned a level 1 spell: Sandblast
  8645 | D:8      | Reached skill level 10 in Fire Magic
  8760 | D:8      | Reached skill level 9 in Spellcasting
  9157 | D:9      | Offered knowledge of Kiss of Death by Vehumet.
  9157 | D:9      | Reached ** piety under Vehumet
  9158 | D:9      | Reached XP level 11. HP: 59/59 MP: 13/24
  9317 | D:9      | Found a flagged portal.
  9328 | Bailey   | Entered a bailey
  9550 | Bailey   | Noticed Grum
  9554 | Bailey   | Killed Grum
  9558 | Bailey   | Offered knowledge of Searing Ray by Vehumet.
  9690 | Bailey   | Reached *** piety under Vehumet
 10071 | D:9      | Noticed a two-headed ogre
 10075 | D:9      | Killed a two-headed ogre
 10171 | D:9      | Learned a level 2 spell: Searing Ray
 10187 | D:9      | Reached skill level 10 in Spellcasting
 10195 | D:9      | Offered knowledge of Frozen Ramparts by Vehumet.
 10309 | D:9      | Found a staircase to the Lair.
 10713 | Lair:1   | Entered Level 1 of the Lair of Beasts
 10727 | Lair:1   | Found a dark tunnel.
 10735 | Volcano  | Entered a volcano
 10766 | Volcano  | Noticed a two-headed ogre
 10775 | Volcano  | Killed a two-headed ogre
 10780 | Volcano  | Noticed a hell knight
 10782 | Volcano  | Killed a hell knight
 10785 | Volcano  | Noticed a two-headed ogre
 10789 | Volcano  | Killed a two-headed ogre
 10844 | Volcano  | Noticed a two-headed ogre
 10847 | Volcano  | Killed a two-headed ogre
 10848 | Volcano  | Reached XP level 12. HP: 64/64 MP: 21/26
 10886 | Volcano  | Noticed an ogre mage
 10888 | Volcano  | Killed an ogre mage
 10888 | Volcano  | Reached **** piety under Vehumet
 10889 | Volcano  | Noticed a two-headed ogre
 10890 | Volcano  | Noticed a two-headed ogre
 10903 | Volcano  | Killed a two-headed ogre
 10903 | Volcano  | Killed a two-headed ogre
 10904 | Volcano  | Reached skill level 11 in Spellcasting
 10904 | Volcano  | Reached skill level 1 in Air Magic
 11113 | Lair:1   | Found a runed translucent door.
 11113 | Lair:1   | Noticed MCDelver's ghost (novice OpFE)
 12180 | Lair:1   | Killed MCDelver's ghost
 12240 | Lair:2   | Offered knowledge of Freezing Cloud by Vehumet.
 12251 | Lair:2   | Noticed a catoblepas
 12256 | Lair:2   | Killed a catoblepas
 12598 | Lair:2   | Reached skill level 10 in Conjurations
 12984 | Lair:2   | Reached XP level 13. HP: 68/68 MP: 20/28
 12986 | Lair:2   | Reached skill level 12 in Spellcasting
 13132 | Lair:2   | Noticed AppleFox63's ghost (journeyman DrWr)
 13209 | Lair:2   | Found a transporter.
 13213 | Lair:2   | Found a bloodstained altar of Trog.
 13224 | Lair:2   | Found a transporter.
 13577 | Lair:3   | Found a hole to the Spider Nest.
 13674 | Lair:3   | Found a staircase to the Swamp.
 13859 | Lair:3   | Reached ***** piety under Vehumet
 13931 | Lair:3   | Found a transporter.
 13960 | Lair:3   | Found a transporter.
 13967 | Lair:3   | Noticed Tohisesh's ghost (journeyman OpEE)
 14259 | Lair:4   | Offered knowledge of Spellforged Servitor by Vehumet.
 15083 | Lair:4   | Reached skill level 13 in Spellcasting
 15588 | Lair:5   | Entered Level 5 of the Lair of Beasts
 15598 | Lair:5   | Gained mutation: Your large and strong wings let you fly.
                  | [Gargoyle growth]
 15598 | Lair:5   | Reached XP level 14. HP: 58/74 MP: 31/31
 15749 | Lair:5   | Reached skill level 5 in Air Magic
 15755 | Lair:5   | Offered knowledge of Airstrike by Vehumet.
 16332 | Lair:5   | Found a runed translucent gate.
 16332 | Lair:5   | Found a runed translucent gate.
 16332 | Lair:5   | Found a runed translucent gate.
 16335 | Lair:5   | Noticed Domino's ghost (journeyman MiBe)
 16413 | Lair:5   | Reached skill level 14 in Spellcasting
 16656 | Lair:5   | Noticed a dire elephant
 16656 | Lair:5   | Noticed a dire elephant
 16657 | Lair:5   | Noticed a dire elephant
 16748 | Lair:5   | Reached skill level 5 in Dodging
 16946 | Lair:5   | Found a viscous altar of Jiyva.
 16946 | Lair:5   | Found a staircase to the Slime Pits.
 17059 | Lair:5   | Noticed a dire elephant
 17062 | Lair:5   | Killed a dire elephant
 17292 | Lair:5   | Killed a dire elephant
 17379 | Lair:5   | Noticed a dire elephant
 17387 | Lair:5   | Killed a dire elephant
 17513 | Lair:5   | Killed a dire elephant
 17761 | Lair:5   | Reached XP level 15. HP: 80/80 MP: 4/33
 18154 | Lair:5   | Got the Anthology of Liminal Voltage
 18439 | D:10     | Entered Level 10 of the Dungeon
 18461 | D:10     | Found a blossoming altar of Fedhas.
 18462 | D:10     | Found a hide-covered altar of Uskayaw.
 18695 | D:10     | Found a staircase to the Orcish Mines.
 19043 | D:10     | Upgraded the game from 0.30-a0-772-g5528072125 to
                  | 0.30-a0-777-ga9a30cbeda
 19640 | Orc:1    | Entered Level 1 of the Orcish Mines
 19800 | Orc:1    | Offered knowledge of Iron Shot by Vehumet.
 19810 | D:10     | Learned a level 6 spell: Iron Shot
 20120 | Orc:1    | Noticed Urug
 20126 | Orc:1    | Killed Urug
 20469 | Orc:1    | Noticed Gastronok
 20479 | Orc:1    | Killed Gastronok
 20768 | Orc:2    | Entered Level 2 of the Orcish Mines
 20793 | Orc:2    | Noticed Maurice
 20802 | Orc:2    | Killed Maurice
 21074 | Orc:2    | Found a staircase to the Elven Halls.
 21111 | Orc:2    | Reached skill level 15 in Spellcasting
 21676 | Orc:2    | Found Haedud's Antique Weapon Boutique.
 21695 | Orc:2    | Found Xahy's Antique Armour Shop.
 21697 | Orc:2    | Found Maenaim's Antique Armour Shop.
 21730 | Orc:2    | Noticed an orc warlord
 21736 | Orc:2    | Killed an orc warlord
 21762 | Orc:2    | Slain by a sun demon

Illustrated notes

Levels and vault maps discovered:
D:1:      dpeg_arrival_caged_fury, layout_loops_ring,
          ebering_ecumenical_altar_ruins
D:2:      layout_loops_ring, basic_altar, serial_aquarium,
          aquarium_bridge_straight [aquarium_subvault_bridge,
          aquarium_subvault_window, aquarium_subvault_bridge,
          aquarium_subvault_wall], aquarium_bridge_straight
          [aquarium_subvault_bridge, aquarium_subvault_balcony,
          aquarium_subvault_bridge, aquarium_subvault_wall], aquarium_window_1,
          aquarium_window_fake, aquarium_window_2, aquarium_window_1,
          aquarium_view_2b, aquarium_pool_S, serial_shops, nicolae_diamond_shop
D:3:      layout_loops_ring, overflow_temple_1_default, serial_glass,
          glass_columns_a, glass_columns_b, due_unseen_surprise,
          minmay_strange_pillars, item_on_display_a, reono_crystal_passage
D:4:      layout_basic, mainiacjoe_overflow_large_starburst,
          ebering_ghost_disaster_area
D:5:      layout_cave_pools, serial_shops, nicolae_shop_overgrown_old_shop,
          uniq_edmund, uniq_grinder
D:6:      layout_basic, minitemple, serial_shops, nicolae_shop_crystal
D:7:      layout_gridville, minmay_temple_entry_mini_moons,
          hangedman_misty_isle, uniq_menkaure
D:8:      lemuel_ratsnest, layout_basic
D:9:      layout_big_octagon, erik_lair_orcish_takeover, enter_bailey_6
D:10:     layout_cave_pools, nicolae_overflow_squiral, orc_0_dummy,
          kennysheep_kite_vault
Temple:   nicolae_temple_superstar
Lair:1:   layout_concentric_octagons, hellmonk_ghost_happy_afterlife,
          nicolae_volcano_entry_lava_flow, infiniplex_staircase_pool_2
Lair:2:   layout_loops_ring, gammafunk_ghost_wrathful_warriors
Lair:3:   layout_hall_layers, swamp_mist_pool, dummy_spider_entry,
          nzn_ghost_randoct, lemuel_fruit_tree
Lair:4:   nzn_winding_woodlands_small [nzn_winding_woodlands_5x15_pockets,
          nzn_winding_woodlands_center_lodge, nzn_winding_woodlands_5x15_pool],
          layout_cave_pods
Lair:5:   due_jungle_book, layout_regular_city, dpeg_slime_entry_enclosed,
          gammafunk_ghost_hydra_chop, grunt_megastairs_2, lemuel_fruit_fields,
          serial_bayou_shore_a, infiniplex_staircase_pool
Orc:1:    layout_caves, serial_shops, special_room [special_room_orc],
          bh_open_orc_temple, uniq_urug, uniq_gastronok
Orc:2:    hellmonk_orc_salted, layout_diamond_mine, uniq_maurice

Skill      XL: |  1  2  3  4  5  6  7  8  9 10 11 12 13 14 15 |
---------------+----------------------------------------------+-----
Fire Magic     | 4 5 6 7 8 10 11 12 13 14 | 14.7
Conjurations   | 2 3 4 6 7 9 10 12 13 14 | 14.3
Spellcasting   | 3 4 5 6 7 9 10 11 13 14 15 | 15.3
Dodging        | 2 3 4 5 |  5.4
Fighting       | 1 2 3 4 |  4.2
Maces & Flails | 1 2 |  2.2
Staves         | 1 2 |  2.3
Air Magic      | 3 4 5 7 |  7.1
Stealth        | |  2.1
Earth Magic    | |  0.9

Action                     |  1- 3 |  4- 6 |  7- 9 | 10-12 | 13-15 || total
---------------------------+-------+-------+-------+-------+-------++-------
  Melee: Unarmed           |     2 |       |       |       |       ||     2
         Whip              |     5 |     1 |    27 |       |       ||    33
         Staff             |       |       |    19 |    25 |    36 ||    80
   Cast: Foxfire           |    67 |    82 |   123 |   223 |   351 ||   846
         Scorch            |     6 |     7 |    28 |    54 |    27 ||   122
         Flame Wave        |       |       |     1 |    20 |    24 ||    45
         Lightning Bolt    |       |       |       |    35 |   165 ||   200
         Fireball          |       |       |       |     2 |     6 ||     8
         Sandblast         |       |       |       |     2 |       ||     2
    Use: Scroll            |       |    13 |     6 |    11 |     7 ||    37
         Potion            |       |       |     1 |     1 |     5 ||     7
 Armour: Robe              |     3 |     5 |    39 |       |       ||    47
         Steam dragon scal |       |       |       |    89 |   137 ||   226
  Dodge: Dodged            |    12 |     5 |    72 |    87 |   118 ||   294

Table legend: (Time is in decaauts)
 A = Elapsed time spent in this place.
 B = Non-inter-level travel time spent in this place.
 C = Inter-level travel time spent in this place.
 D = Time resting spent in this place.
 E = Time spent auto-exploring this place.
 F = Levels seen in this place.
 G = Mean time per level.
                   A        B        C        D        E       F      G
               +--------+--------+--------+--------+--------+-----+--------+
         Total |  21801 |  20721 |   1080 |    816 |  16036 |  20 | 1090.1 |
       Dungeon |  11042 |  10427 |    615 |    428 |   8143 |  10 | 1104.2 |
        Temple |    138 |    115 |     23 |      0 |     94 |   1 |  138.0 |
          Lair |   7518 |   7113 |    405 |     42 |   6060 |   5 | 1503.6 |
  Orcish Mines |   1993 |   1958 |     35 |      0 |   1475 |   2 |  996.5 |
        Bailey |    735 |    735 |      0 |    245 |    142 |   1 |  735.0 |
       Volcano |    372 |    372 |      0 |    101 |    121 |   1 |  372.0 |
               +--------+--------+--------+--------+--------+-----+--------+

Top non-repeatable levels by time:
  Lair:5: 2504 daAuts
  Lair:4: 1576 daAuts
     D:7: 1440 daAuts
  Lair:1: 1355 daAuts
  Lair:2: 1265 daAuts
     D:6: 1188 daAuts
     D:4: 1187 daAuts
     D:8: 1117 daAuts
     D:5: 1100 daAuts
     D:2: 1095 daAuts
     D:1: 1088 daAuts
     D:9: 1077 daAuts
   Orc:1: 999 daAuts
   Orc:2: 994 daAuts
     D:3: 969 daAuts
